[Event "*** Titled Tuesday Blitz"]
[Site "Chess.com"]
[Date "2020.04.14"]
[Round "8"]
[White "HashtagChess"]
[Black "flomarechot"]
[Result "1-0"]
[WhiteElo "1653"]
[BlackElo "2153"]
[TimeControl "180+1"]
[EndTime "11:29:25 PDT"]
[Termination "HashtagChess won by checkmate"]

1. e4 e5 2. Nf3 Nc6 3. Bb5 Nf6 4. Qe2 d6 5. c3 Bd7 6. Ba4 Be7 7. O-O O-O 8. Bc2 a6 9. Rd1 Bg4 10. d4 Qc8 11.
Bg5 h6 12. Bh4 g5 13. Bg3 Nh5 14. d5 Nxg3 15. fxg3 Nd8 16. Nbd2 f5 17. exf5 Bxf5 18. Ne4 Nf7 19. Rf1 g4 20. Nfd2 Ng5 21. Rf2 Nxe4 22. Nxe4 Bxe4 23. Bxe4 h5 24. Raf1 Qd7 25. Bf5 Qb5 26.
Be6+ Kg7 27. Rf7+ Rxf7 28. Rxf7+ Kg6 29. Qe4+ Kh6 30. Qh7+ Kg5 31. Qg7# 1-0

[Event "*** Titled Tuesday Blitz"]
[Site "Chess.com"]
[Date "2020.04.14"]
[Round "8"]
[White "Spring199"]
[Black "regular_legs"]
[Result "0-1"]
[WhiteElo "2317"]
[BlackElo "2517"]
[TimeControl "180+1"]
[EndTime "11:29:26 PDT"]
[Termination "regular_legs won on time"]

1. d4 Nf6 2. c4 g6 3. Nc3 d5 4.
cxd5 Nxd5 5. e4 Nxc3 6. bxc3 Bg7 7. Nf3 c5 8. Bb5+ Nc6 9. O-O O-O 10. d5 Ne5 11.
Nxe5 Bxe5 12. Qc2 Qa5 13. a4 Qxc3 14. Qxc3 Bxc3 15. Ra3 Bd4 16. Bh6 Rd8 17. Rd1 a6 18.
Be2 Bd7 19. Bg5 f6 20. Bf4 b5 21. Ra2 e5 22. Bh6 Kf7 23. Rb1 Rdb8 24. h4 bxa4 25. Rc1 Ke7 26. Bc4 Kd6 27. Bg7 f5 28. exf5 gxf5 29.
Re2 a3 30. Rce1 Rb4 31. Ba2 Rb2 32. Bb1 Rxe2 33. Rxe2 e4 34. Bh6 Bb5 35. Rd2 Bc4 36.
Bf4+ Kxd5 37. h5 Bd3 38. g4 Bxb1 39. gxf5 a2 0-1

[Event "*** Titled Tuesday Blitz"]
[Site "Chess.com"]
[Date "2020.04.14"]
[Round "8"]
[White "Shivagami"]
[Black "MFBerna"]
[Result "0-1"]
[WhiteElo "2135"]
[BlackElo "2325"]
[TimeControl "180+1"]
[EndTime "11:29:26 PDT"]
[Termination "MFBerna won by checkmate"]

1. d4 c6 2. e4 d5 3. e5 Bf5 4.
c3 e6 5. g4 Bg6 6. Ne2 Be7 7.
Ng3 Bh4 8. f4 Ne7 9. Bd3 Nd7 10.
O-O Bxd3 11. Qxd3 Bxg3 12. Qxg3 h5 13. g5 Nf5 14. Qg2 g6 15. Na3 h4 16. h3 c5 17. Nb5 Qb6 18. a4 a6 19. Nd6+ Nxd6 20. exd6 cxd4 21. cxd4 Qxd6 22. b3 Qb6 23. Qb2 Kf8 24.
a5 Qb5 25. Qa3+ Kg7 26. Bd2 Qd3 27. Be1 Qxd4+ 28. Bf2 Qxf4 29. Rad1 Qxg5+ 30. Kh1 Nf6 31. Bd4 e5 32. Bb2 Qe3 33. Qd6 Qxh3+ 34. Kg1 Qg3+ 35.
Kh1 Ng4 36. Bxe5+ Qxe5 37. Qd7 Qh2# 0-1

[Event "*** Titled Tuesday Blitz"]
[Site "Chess.com"]
[Date "2020.04.14"]
[Round "8"]
[White "floplover"]
[Black "dsanchez1973"]
[Result "1/2-1/2"]
[WhiteElo "2277"]
[BlackElo "2094"]
[TimeControl "180+1"]
[EndTime "11:29:26 PDT"]
[Termination "Game drawn by agreement"]

1. d4 d5 2. c4 c6 3. Nc3 e6 4. Nf3 dxc4 5. g3 Nf6 6. Bg2 Be7 7. O-O O-O 8. e4 Nbd7 9. Qe2 b5 10. e5 Nd5 11. a4 Nxc3 12. bxc3 Nb6 13. axb5 cxb5 14. Ng5 Bxg5 15. Bxa8 Nxa8 16. Rxa7 Bxc1 17. Rxa8 Bg5 18. Qe4 Qc7 19. Rfa1 Bb7 20. Rxf8+ Kxf8 21. Ra7 Bxe4 22.
Rxc7 Bd2 23. Rc8+ Ke7 24. Rb8 Bxc3 25. Rxb5 Bxd4 26. Rb4 Bd5 27. Kf1 Bxe5 28. Ke2 Bd6 29. Ra4 c3 30. Rh4 h6 31. Kd3 Be5 32. Rb4 Bg2 33.
f4 Bf6 34. Ra4 Bh3 35. Ra7+ Kd6 36. Rxf7 Bf5+ 37. Ke2 c2 38. Kd2 Bb2 39. Rxf5 exf5 40.
Kxc2 Bd4 41. h3 Kd5 42. Kd3 Bf2 43. g4 g6 44. Ke2 Bc5 45. Kf3 Kd4 46. h4 Kd3 47. h5 gxh5 48. gxf5 Be7 49. Kg3 Ke4 50. f6 Bxf6 51. f5 h4+ 52. Kh3 Kf3 53. Kh2 Kg4 54. Kg2 h3+ 55. Kh2 Be5+ 56. Kh1 Kg3 57. f6 1/2-1/2

[Event "*** Titled Tuesday Blitz"]
[Site "Chess.com"]
[Date "2020.04.14"]
[Round "8"]
[White "Ziachess74"]
[Black "nickmatta"]
[Result "1-0"]
[WhiteElo "2516"]
[BlackElo "2310"]
[TimeControl "180+1"]
[EndTime "11:29:27 PDT"]
[Termination "Ziachess74 won by resignation"]

1. d4 d5 2. Bf4 Nf6 3. e3 c5 4. c3 Nc6 5. Nd2 e6 6. Ngf3 Bd6 7. Bg3 Qc7 8. dxc5 Bxg3 9. hxg3 O-O 10. Qc2 e5 11. O-O-O Qe7 12. e4 d4 13. cxd4 exd4 14.
a3 Bg4 15. Bd3 Rac8 16. e5 Nxe5 17. Bxh7+ Kh8 18. Bf5+ Kg8 19. Bxc8 Rxc8 20. Kb1 Rxc5 21. Qa4 Bf5+ 22. Ka1 Bc2 23. Qxd4 Bxd1 24. Rxd1 Nxf3 25. gxf3 Rd5 26. Qb4 Qe2 27. Rc1 Qxd2 28. Rc8+ Rd8 29. Qxd2 Rxc8 30. g4 Rc6 31. g5 Nh5 32. Qd8+ Kh7 33.
Qd7 Kg6 34. Qxb7 Re6 35. Qxa7 Re1+ 36. Ka2 Re6 37. Qd4 Nf4 38. Qxf4 f5 39. gxf6 Rxf6 40.
Qe4+ Kf7 41. a4 Kf8 42. a5 Ra6 43. Qb4+ Kf7 44. Ka3 Rf6 45. Ka4 Rxf3 46. Kb5 Rf5+ 47. Ka4 Rxf2 48. Qb3+ Kg6 49. a6 Rf4+ 50. Ka5 Rf5+ 51.
Qb5 Rf2 52. a7 1-0

[Event "*** Titled Tuesday Blitz"]
[Site "Chess.com"]
[Date "2020.04.14"]
[Round "8"]
[White "Teidi96"]
[Black "ADODOVE"]
[Result "0-1"]
[WhiteElo "2167"]
[BlackElo "1850"]
[TimeControl "180+1"]
[EndTime "11:29:27 PDT"]
[Termination "ADODOVE won by resignation"]

1. d4 Nf6 2. Nf3 e6 3. c4 c5 4. d5 exd5 5. cxd5 d6 6. Nc3 g6 7.
e4 Bg7 8. Be2 O-O 9. O-O Re8 10.
Nd2 a6 11. a4 Nbd7 12. Qc2 Rb8 13. Nc4 Nb6 14. a5 Nxc4 15. Bxc4 b5 16. axb6 Rxb6 17. f3 Nd7 18. Qe2 Ne5 19. Bxa6 c4 20. Bxc4 Bd7 21.
Ra6 Nxc4 22. Qxc4 Bxc3 23. bxc3 Bb5 24. Qd4 Bxa6 25. Bh6 f6 26. g4 Rb2 27. g5 Qb6 28. Rf2 Qxd4 29. cxd4 Rxf2 30. Kxf2 f5 31. Ke3 Bc8 32. Kf4 fxe4 33. fxe4 Bb7 34. h4 Kf7 35. Ke3 Bxd5 36. Kf3 Rxe4 0-1

[Event "*** Titled Tuesday Blitz"]
[Site "Chess.com"]
[Date "2020.04.14"]
[Round "8"]
[White "Nitzan_Steinberg"]
[Black "Zavgorodniy_Serg"]
[Result "0-1"]
[WhiteElo "2896"]
[BlackElo "2765"]
[TimeControl "180+1"]
[EndTime "11:29:29 PDT"]
[Termination "Zavgorodniy_Serg won by resignation"]

1. e4 e5 2. Nf3 d6 3. d4 exd4 4. Nxd4 Nf6 5. Nc3 Be7 6. Be2 O-O 7. Bf4 Nc6 8. O-O Nxd4 9. Qxd4 Bd7 10. Rad1 Bc6 11.
Rfe1 Nd7 12. Qd2 Bf6 13. Bc4 Re8 14. f3 h6 15. Kh1 Be5 16. Bb3 Qf6 17. Bxe5 Rxe5 18.
Nd5 Bxd5 19. Bxd5 Rb8 20. Qd4 b6 21. Qc3 c5 22. Rd2 Rd8 23. Red1 Nf8 24. Qe3 g5 25. g3 Ng6 26. Kg2 Rde8 27. Bc4 Rd8 28. c3 h5 29. a4 h4 30. Rd5 Kg7 31. Be2 Rxd5 32. Rxd5 hxg3 33. hxg3 Ne5 34. f4 gxf4 0-1

[Event "*** Titled Tuesday Blitz"]
[Site "Chess.com"]
[Date "2020.04.14"]
[Round "8"]
[White "swisspower96"]
[Black "iulik86"]
[Result "0-1"]
[WhiteElo "2651"]
[BlackElo "2544"]
[TimeControl "180+1"]
[EndTime "11:29:29 PDT"]
[Termination "iulik86 won by resignation"]

1. d4 Nf6 2. c4 e6 3. Nf3 Bb4+ 4. Nbd2 d5 5. Qa4+ Nc6 6. a3 Bd6 7. b4 O-O 8. e3 dxc4 9. Nxc4 Bd7 10. Qc2 Qe7 11. Bb2 a6 12. Bd3 h6 13. g4 b5 14.
Nxd6 cxd6 15. g5 hxg5 16. Nxg5 Rac8 17. Qe2 e5 18. d5 Bg4 19. f3 Nxd5 20. h4 Bh5 21.
Rg1 Nf6 22. Qg2 g6 23. Kf2 d5 24. Be2 d4 25. exd4 exd4 26. Rae1 Qe3+ 27. Kf1 Rfe8 28. Bc1 Qc3 29. Ne4 Nxe4 30. fxe4 Bxe2+ 31. Qxe2 d3 32. Qh5 Ne5 33. Bf4 d2 34. Bxe5 dxe1=Q+ 0-1

[Event "*** Titled Tuesday Blitz"]
[Site "Chess.com"]
[Date "2020.04.14"]
[Round "8"]
[White "kuba2006"]
[Black "Vesper2018"]
[Result "0-1"]
[WhiteElo "2459"]
[BlackElo "1893"]
[TimeControl "180+1"]
[EndTime "11:29:29 PDT"]
[Termination "Vesper2018 won on time"]

1. e4 c5 2. Nf3 d6 3. d4 cxd4 4.
Qxd4 a6 5. c4 Nc6 6. Qe3 Nf6 7.
h3 g6 8. Be2 Bg7 9. O-O O-O 10.
Nc3 Nd7 11. b3 Nc5 12. Bb2 f5 13. exf5 Bxf5 14. Nd1 e5 15. Nc3 Nd4 16. Rad1 Nce6 17. Nd5 Re8 18. Nxd4 Nxd4 19. Bg4 Rc8 20. Rfe1 Nc2 21.
Qg3 Nxe1 22. Rxe1 Kh8 23. Bxf5 gxf5 24. f4 Rg8 25. fxe5 dxe5 26. Bxe5 Qf8 27. Bxg7+ Qxg7 28. Qf2 Rce8 29. Rxe8 Rxe8 30. Qxf5 Qd4+ 31. Kh2 Qe5+ 32.
Qxe5+ Rxe5 33. Kg3 Re2 34. a4 a5 35. b4 Ra2 36. bxa5 Rxa4 37. Nb6 Rxa5 38. Kf4 Rc5 39.
Ke4 Rc6 40. c5 Rxc5 41. Nd7 Rc2 42. g4 b5 43. Kd3 Rc1 0-1

[Event "*** Titled Tuesday Blitz"]
[Site "Chess.com"]
[Date "2020.04.14"]
[Round "8"]
[White "gui_borba"]
[Black "hazy13"]
[Result "0-1"]
[WhiteElo "2330"]
[BlackElo "2204"]
[TimeControl "180+1"]
[EndTime "11:29:29 PDT"]
[Termination "hazy13 won by resignation"]

1. d4 d5 2. Bf4 Nf6 3. e3 c5 4. dxc5 Nc6 5. Bb5 e6 6. b4 a5 7. c3 Bd7 8. Nf3 axb4 9. Bxc6 Bxc6 10. cxb4 b6 11. Nc3 bxc5 12. b5 Qa5 13. bxc6 Qxc3+ 14. Kf1 Be7 15. g4 O-O 16. g5 Ne4 17. h4 Qb2 18. Rh2 Nc3 19. Qe1 Ne4 20. h5 Qb5+ 21. Kg2 Qxc6 22.
g6 h6 23. gxf7+ Rxf7 24. Ne5 Qb7 25. Nxf7 Kxf7 26. Qe2 d4 27. Qf3 Kg8 28. Rhh1 d3 29. Rab1 Qd5 30. Rhd1 Rxa2 31. Rb8+ Kh7 32. Bg3 Bd6 33.
Rdb1 Bxg3 34. Rh8+ Kxh8 35. Rb8+ Kh7 36. Qf8 Rxf2+ 37.
Kh3 Rxf8 0-1

[Event "*** Titled Tuesday Blitz"]
[Site "Chess.com"]
[Date "2020.04.14"]
[Round "8"]
[White "Ariadna_Atreides"]
[Black "H3nriqueTV"]
[Result "1-0"]
[WhiteElo "2025"]
[BlackElo "2209"]
[TimeControl "180+1"]
[EndTime "11:29:29 PDT"]
[Termination "Ariadna_Atreides won by checkmate"]

1. Nf3 d5 2. d4 Nf6 3. e3 c6 4. c4 e6 5. Nc3 Bd6 6. Qc2 O-O 7. Bd2 Nbd7 8. O-O-O e5 9. dxe5 Nxe5 10. Nxe5 Bxe5 11. Kb1 Qe7 12. f4 Bd6 13. cxd5 cxd5 14.
Bd3 Be6 15. h3 Rac8 16. g4 Ne4 17. Bxe4 dxe4 18. Ka1 Rc4 19. f5 Bd7 20. Qb3 Rb4 21. Nd5 Rxb3 22. Nxe7+ Bxe7 23. axb3 Bb5 24. Rc1 Bd6 25. Bc3 Bd3 26. Bd4 b6 27. f6 gxf6 28.
Bxf6 Re8 29. Rc6 Be5 30. g5 Bb5 31. Rcc1 h6 32. Rhg1 Kh7 33. Bxe5 Rxe5 34. b4 Bd3 35. Rc7 hxg5 36. Rxf7+ Kg6 37. Rxa7 Rb5 38. Ra4 Bc2 39.
Ra6 Rxb4 40. Rc1 Bd3 41. Rc6+ Kh5 42. Rcxb6 Rc4 43. Rc6 Rb4 44. Rh6# 1-0

[Event "*** Titled Tuesday Blitz"]
[Site "Chess.com"]
[Date "2020.04.14"]
[Round "8"]
[White "GMKrikor"]
[Black "NiranjanNavalgund"]
[Result "1-0"]
[WhiteElo "2687"]
[BlackElo "2431"]
[TimeControl "180+1"]
[EndTime "11:29:30 PDT"]
[Termination "GMKrikor won by resignation"]

1. e4 e5 2. Nf3 Nc6 3. Bc4 Nf6 4. d3 h6 5. O-O d6 6. c3 g5 7. a4 a6 8. b4 Bg7 9. Re1 O-O 10. Nfd2 Ne7 11.
Nf1 d5 12. Bb3 dxe4 13. dxe4 Qxd1 14. Bxd1 Be6 15. Bc2 Rfd8 16. Ne3 Rd7 17. Nd2 Rad8 18.
Ndc4 Ng6 19. g3 Ng4 20. Kg2 Nxe3+ 21. Nxe3 Ne7 22. a5 Bf8 23. Bb2 Rd2 24. Rad1 Rxd1 25. Rxd1 Rxd1 26. Bxd1 Nc8 27. Be2 Nd6 28. Bd3 c6 29. c4 f6 30. c5 Nb5 31. f4 gxf4 32.
gxf4 exf4 33. Nc4 Kf7 34. Kf3 h5 35. Kxf4 Bh6+ 36. Kg3 Ke7 37. Be2 Bxc4 38. Bxc4 Bd2 39. Be2 Be1+ 40. Kf4 h4 41. Kf5 Bxb4 42. Bxf6+ Ke8 43.
Bh5+ Kf8 44. e5 Nd4+ 45. Ke4 Ne6 46. Bxh4 Bxc5 47. Kf5 Ng7+ 48. Kg6 Nxh5 49. Kxh5 Bd4 50.
Bf6 c5 51. Kg4 c4 52. Kf3 Kf7 53. Ke4 Ba1 54. h4 Ke6 55. h5 c3 56. Kd3 c2 57.
Kxc2 Bxe5 58. Bxe5 Kxe5 59. Kd3 Kf5 60. Kd4 Kg5 61. Kc5 Kxh5 62. Kb6 Kg6 63. Kxb7 Kf6 64. Kxa6 Ke6 65. Kb7 Kd7 66. a6 1-0

[Event "*** Titled Tuesday Blitz"]
[Site "Chess.com"]
[Date "2020.04.14"]
[Round "8"]
[White "krzyzan94"]
[Black "arminmusovic"]
[Result "1-0"]
[WhiteElo "2706"]
[BlackElo "2511"]
[TimeControl "180+1"]
[EndTime "11:29:31 PDT"]
[Termination "krzyzan94 won by resignation"]

1. d4 d5 2. Bf4 c5 3. e3 Nc6 4. Nf3 a6 5. Nbd2 Bg4 6. c3 cxd4 7.
exd4 e6 8. Bd3 Bd6 9. Bxd6 Qxd6 10. O-O Nf6 11. Re1 O-O 12. Nf1 Rfe8 13. h3 Bxf3 14.
Qxf3 e5 15. dxe5 Nxe5 16. Qd1 Rad8 17. Bc2 Nc6 18. Ne3 d4 19. Nf5 Rxe1+ 20. Qxe1 Qc5 21. Rd1 dxc3 22. Rxd8+ Nxd8 23. bxc3 Ne6 24. Qd2 Qa5 25.
Qd6 Qd8 26. Qe5 Qc7 27. Nd6 Qc5 28. Qg3 Qc7 29. Bb3 Kf8 30. Qd3 Nc5 31. Qd4 Nxb3 32. axb3 Qc6 33. Qb4 Kg8 34. Nxb7 Qxb7 35. Qxb7 1-0

[Event "*** Titled Tuesday Blitz"]
[Site "Chess.com"]
[Date "2020.04.14"]
[Round "8"]
[White "Eltarolo"]
[Black "nfds"]
[Result "0-1"]
[WhiteElo "2340"]
[BlackElo "2570"]
[TimeControl "180+1"]
[EndTime "11:29:31 PDT"]
[Termination "nfds won on time"]

1. e4 b6 2. d4 Bb7 3. Bd3 e6 4. Nf3 Nf6 5. Qe2 d5 6. e5 Nfd7 7. O-O c5 8. c3 Nc6 9. a4 cxd4 10. cxd4 Nb4 11. Nc3 Nxd3 12. Qxd3 Be7 13. Be3 O-O 14.
Nd2 Bb4 15. f4 Rc8 16. f5 exf5 17. Rxf5 Qe7 18. Ne2 Bxd2 19. Bxd2 f6 20. exf6 Nxf6 21. Re5 Qd6 22. Bf4 Qb4 23. b3 Ne4 24. Rf1 Rf7 25.
Rh5 Rcf8 26. g3 g5 27. Qf3 gxf4 28. Nxf4 Qxd4+ 29. Kh1 Qg7 30. Rh4 d4 31. Kg1 Nd2 0-1

[Event "*** Titled Tuesday Blitz"]
[Site "Chess.com"]
[Date "2020.04.14"]
[Round "8"]
[White "Valuebet2000"]
[Black "Oligan22"]
[Result "0-1"]
[WhiteElo "2538"]
[BlackElo "2414"]
[TimeControl "180+1"]
[EndTime "11:29:32 PDT"]
[Termination "Oligan22 won on time"]

1. d4 d5 2. c4 dxc4 3. e3 Nf6 4. Nf3 a6 5. Bxc4 e6 6. O-O c5 7. dxc5 Bxc5 8. Qxd8+ Kxd8 9. Rd1+ Ke7 10. Nbd2 Nbd7 11. Be2 b6 12. a3 Bb7 13. b4 Bd6 14. Nc4 Bc7 15. Bb2 Rhd8 16. Nd4 Rac8 17. Rac1 Bd5 18. f3 b5 19. Na5 Bxa5 20. bxa5 Nc5 21. Bc3 Ke8 22. Bb4 Nfd7 23. e4 Bb7 24. Kf2 Na4 25. Rxc8 Rxc8 26. Nxb5 axb5 27. Bxb5 Bc6 28. Rc1 Ne5 29. f4 Kd7 30. Bxc6+ Nxc6 31. Ke3 e5 32. g3 f6 33. fxe5 fxe5 34. Rd1+ Nd4 0-1

[Event "*** Titled Tuesday Blitz"]
[Site "Chess.com"]
[Date "2020.04.14"]
[Round "8"]
[White "PowerThinking2650"]
[Black "Lupul_Cenusiu"]
[Result "0-1"]
[WhiteElo "2218"]
[BlackElo "2487"]
[TimeControl "180+1"]
[EndTime "11:29:32 PDT"]
[Termination "Lupul_Cenusiu won on time"]

1. e4 c5 2. Nf3 e6 3. d4 cxd4 4. Nxd4 a6 5. Nc3 d6 6. Bd3 Nf6 7. O-O h5 8. Bg5 Qc7 9. Kh1 Nbd7 10. f4 h4 11. f5 e5 12. Ne6 Qb6 13. Nd5 Nxd5 14.
exd5 Nf6 15. Nxf8 Kxf8 16. Bxf6 gxf6 17. Qg4 Bd7 18. b3 h3 19. g3 a5 20. a4 Ke7 21.
Qe4 Rac8 22. Rf3 Rc3 23. Bc4 Qb4 24. Raf1 Rc8 25. Rxc3 Qxc3 26. Qd3 Qb4 27. g4 Bxa4 28. g5 Bd7 29. gxf6+ Kd8 30. Qxh3 a4 31. c3 Qc5 0-1

[Event "*** Titled Tuesday Blitz"]
[Site "Chess.com"]
[Date "2020.04.14"]
[Round "8"]
[White "HarryCun"]
[Black "MosheFriedland"]
[Result "0-1"]
[WhiteElo "2145"]
[BlackElo "2406"]
[TimeControl "180+1"]
[EndTime "11:29:32 PDT"]
[Termination "MosheFriedland won by resignation"]

1. Nf3 Nf6 2. g3 d5 3. Bg2 c6 4. O-O Bf5 5. d3 e6 6. Nbd2 h6 7. Re1 Be7 8. e4 dxe4 9. dxe4 Nxe4 10. Ne5 Nxd2 11. Bxd2 O-O 12. Qe2 Bxc2 13. Bxh6 Bf5 14.
g4 Bh7 15. Rad1 Qa5 16. Nxf7 Rxf7 17. Qxe6 Na6 18. Bd2 Qc7 19. Bc3 Nc5 20. Qc4 b5 21.
Qe2 Raf8 22. Bb4 a5 23. Bxc5 Bxc5 24. Qe6 Bxf2+ 25. Kh1 Bxe1 26. Rxe1 Qc8 27. Qd6 Qxg4 28. Qxc6 Qh4 29. Qe6 Kh8 30. Rc1 Qf6 31. Qe2 Qf4 32.
Rf1 Qc4 33. Rxf7 Qxe2 34. Rxf8+ Bg8 35. Bd5 Qd1+ 36. Kg2 Qxd5+ 37. Kf2 Qc5+ 38. Kg2 Qxf8 0-1

[Event "*** Titled Tuesday Blitz"]
[Site "Chess.com"]
[Date "2020.04.14"]
[Round "8"]
[White "KaspMagAlpha"]
[Black "m-garcett"]
[Result "1-0"]
[WhiteElo "2239"]
[BlackElo "1983"]
[TimeControl "180+1"]
[EndTime "11:29:32 PDT"]
[Termination "KaspMagAlpha won by checkmate"]

1. d4 Nf6 2. c4 g6 3. g3 Bg7 4.
Bg2 d6 5. Nc3 O-O 6. Nf3 Nbd7 7.
O-O e5 8. h3 c6 9. e4 Qb6 10.
Re1 a5 11. Rb1 exd4 12. Nxd4 Nc5 13. Nc2 Be6 14. Qxd6 Rad8 15. Qf4 Nh5 16. Qe3 Bxc4 17. e5 Rfe8 18. f4 f6 19. Ne4 Bf8 20. Qf2 fxe5 21.
Be3 Bxa2 22. Rbc1 Qxb2 23. Bxc5 Bxc5 24. Qxc5 exf4 25. gxf4 Nxf4 26. Nf6+ Kf7 27. Nxe8 Rxe8 28. Qf2 Rxe1+ 29. Rxe1 Bb3 30. Qxf4+ Kg7 31. Re7+ Kg8 32.
Re8+ Kg7 33. Qf8# 1-0

[Event "*** Titled Tuesday Blitz"]
[Site "Chess.com"]
[Date "2020.04.14"]
[Round "8"]
[White "SPEEDSKATER"]
[Black "Kobalia"]
[Result "1-0"]
[WhiteElo "2833"]
[BlackElo "2675"]
[TimeControl "180+1"]
[EndTime "11:29:33 PDT"]
[Termination "SPEEDSKATER won by resignation"]

1. d4 d5 2. c4 c6 3. Nf3 Nf6 4. e3 a6 5. Nc3 e6 6. Qc2 dxc4 7.
Bxc4 c5 8. dxc5 Bxc5 9. O-O Nbd7 10. Rd1 O-O 11. Bd3 Qe7 12. b3 b5 13. Ne4 Ba3 14.
Bxa3 Qxa3 15. Nfg5 h6 16. Nxf6+ Nxf6 17. Nh7 Nxh7 18.
Bxh7+ Kh8 19. Be4 Ra7 20. Rac1 Rd7 21. Rxd7 Bxd7 22. Qc5 Qxc5 23. Rxc5 Rc8 24. Rxc8+ Bxc8 25. Kf1 e5 26. Ke2 Kg8 27. Kd3 Kf8 28. Kc3 a5 29. Bc6 b4+ 30. Kc4 Ke7 31. Kc5 Be6 32. Bd5 Bg4 33. Kb6 f6 34. Kxa5 Kd6 35. Bf3 Bxf3 36. gxf3 Kc5 37. Ka4 f5 38. a3 bxa3 39. Kxa3 Kb5 40.
b4 g5 41. Kb3 h5 42. Kc3 h4 43.
Kb3 e4 44. fxe4 fxe4 45. Kc3 g4 46. Kb3 1-0

[Event "*** Titled Tuesday Blitz"]
[Site "Chess.com"]
[Date "2020.04.14"]
[Round "8"]
[White "ElliPaehtz"]
[Black "SahajGrover"]
[Result "1/2-1/2"]
[WhiteElo "2572"]
[BlackElo "2694"]
[TimeControl "180+1"]
[EndTime "11:29:33 PDT"]
[Termination "Game drawn by repetition"]

1. d4 d5 2. Bf4 c5 3. e3 Nc6 4. c3 Qb6 5. Qb3 c4 6. Qc2 e5 7. dxe5 Bf5 8. Qc1 g5 9. Bg3 h5 10. h4 g4 11. Nd2 Bg7 12. Bxc4 Bxe5 13. Bxe5 Nxe5 14. Be2 g3 15. Nh3 Nf6 16. Nf3 Bxh3 17.
Nxe5 Bxg2 18. Rg1 gxf2+ 19. Kxf2 Be4 20. Qd2 O-O-O 21. Qd4 Qxb2 22. Qxa7 Rhe8 23. Nc6 Bd3 24. Rge1 Rg8 25. Ne7+ Kd7 26. Nxg8 Rxg8 27. Qa4+ Ke6 28. Qf4 Ne4+ 29. Kf3 Nd2+ 30. Kf2 Ne4+ 31. Kf3 Nd2+ 32. Kf2 Ne4+ 1/2-1/2

[Event "*** Titled Tuesday Blitz"]
[Site "Chess.com"]
[Date "2020.04.14"]
[Round "8"]
[White "velemajstor767276"]
[Black "Sanyura"]
[Result "0-1"]
[WhiteElo "2559"]
[BlackElo "2421"]
[TimeControl "180+1"]
[EndTime "11:29:33 PDT"]
[Termination "Sanyura won on time"]

1. d4 Nf6 2. Bg5 Ne4 3. h4 c5 4. dxc5 Qa5+ 5. Nd2 Nxg5 6. hxg5 Qxc5 7. g6 fxg6 8. c3 e6 9. Qc2 Qf5 10. e4 Qa5 11.
Ngf3 Nc6 12. a4 Be7 13. Nc4 Qc7 14. e5 O-O 15. Qe4 b6 16. Bd3 Bb7 17. Qe3 Bc5 18. Qg5 Ne7 19. O-O-O b5 20. axb5 a6 21. b6 Qc6 22. Qh4 h6 23. Kb1 a5 24. Qg4 a4 25.
Bxg6 Nxg6 26. Qxg6 a3 27. Rxh6 Qe4+ 28. Kc1 axb2+ 29.
Kxb2 Ra2+ 30. Kxa2 Qxc4+ 31. Kb2 Qb5+ 0-1

[Event "*** Titled Tuesday Blitz"]
[Site "Chess.com"]
[Date "2020.04.14"]
[Round "8"]
[White "amiralfio"]
[Black "goldenspine"]
[Result "1-0"]
[WhiteElo "2530"]
[BlackElo "2310"]
[TimeControl "180+1"]
[EndTime "11:29:33 PDT"]
[Termination "amiralfio won by resignation"]

1. g4 e5 2. d4 exd4 3. Qxd4 Nc6 4.
Qa4 d5 5. Bg2 Bc5 6. c3 Qh4 7.
Qf4 Nge7 8. h3 Ng6 9. Qg3 Qxg3 10. fxg3 Be6 11. Nf3 h6 12. Nbd2 O-O-O 13. Nb3 Bd6 14. Kf2 f5 15. Nfd4 Nxd4 16. Nxd4 Bc5 17. Be3 Rhe8 18.
gxf5 Bxd4 19. Bxd4 Bxf5 20. Bxg7 Be4 21. Bxh6 Bxg2 22.
Kxg2 Rxe2+ 23. Kf3 Rde8 24. h4 R8e4 25. Bf4 Nxf4 26.
gxf4 R2e3+ 27. Kg4 Re2 28. Raf1 Rg2+ 29. Kf5 Rxb2 30. h5 Re8 31. h6 Rb6 32. h7 Rf8+ 33.
Ke5 Rh8 34. Rfg1 Rd6 35. Rg8+ Rd8 36. Rxh8 Rxh8 37. Kf6 1-0

[Event "*** Titled Tuesday Blitz"]
[Site "Chess.com"]
[Date "2020.04.14"]
[Round "8"]
[White "Promacherr"]
[Black "kirillshevchenko"]
[Result "0-1"]
[WhiteElo "2607"]
[BlackElo "2851"]
[TimeControl "180+1"]
[EndTime "11:29:34 PDT"]
[Termination "kirillshevchenko won by resignation"]

1. e4 c5 2. Nf3 d6 3. d4 cxd4 4. Nxd4 Nf6 5. Nc3 a6 6. Bc4 e6 7.
Bb3 b5 8. f4 Be7 9. e5 dxe5 10.
fxe5 Nfd7 11. Bf4 Nc5 12. Qd2 O-O 13. O-O Bb7 14. Rad1 Nc6 15. Nxc6 Bxc6 16. Qe3 Qc7 17. Bg5 b4 18. Ne2 Nxb3 19. axb3 Bxg5 20. Qxg5 Bb5 21. Rf2 Qxc2 22. Rd2 Qb1+ 23. Rf1 Qg6 24. Qf4 Rad8 25. Rfd1 Rxd2 26. Rxd2 a5 27. Nd4 Qb1+ 28. Kf2 Qf1+ 29. Kg3 Qe1+ 30. Kh3 Ba6 31. Rf2 Qd1 32.
Rf3 Bb7 33. Nxe6 Bc8 34. Rg3 Qh5+ 0-1

[Event "*** Titled Tuesday Blitz"]
[Site "Chess.com"]
[Date "2020.04.14"]
[Round "8"]
[White "Bambi2006"]
[Black "Tiqr777"]
[Result "1-0"]
[WhiteElo "2466"]
[BlackElo "2630"]
[TimeControl "180+1"]
[EndTime "11:29:34 PDT"]
[Termination "Bambi2006 won by resignation"]

1. d4 Nf6 2. c4 c5 3. d5 e6 4. Nc3 exd5 5. cxd5 d6 6. e4 g6 7. Be2 Bg7 8. Nf3 a6 9. a4 O-O 10. O-O Re8 11. Qc2 Nbd7 12. Bf4 Qc7 13. h3 Rb8 14. a5 b5 15. axb6 Rxb6 16. Nd2 Rb4 17. Bxa6 Bxa6 18. Rxa6 Qb7 19. Ra2 Ne5 20. Rfa1 Qe7 21. Ra7 Nfd7 22. Rc7 Reb8 23. Nd1 Qd8 24. Raa7 Ra8 25. b3 Rxa7 26. Rxa7 Bf6 27. Nb2 Qb6 28. Ra8+ Kg7 29. Bg3 Qb7 30. Ra5 c4 31. Nbxc4 Nxc4 32. Nxc4 Qc7 33. Ra6 Ne5 34. Bxe5 Bxe5 35. Rc6 Qe7 36. Nxe5 Qxe5 37. Rc4 Rxc4 38. Qxc4 Qa1+ 39. Kh2 Qb2 40. b4 Qxf2 41. Qc3+ Kg8 42.
b5 Qf4+ 43. Qg3 Qxe4 44. Qxd6 Kg7 45. b6 1-0

[Event "*** Titled Tuesday Blitz"]
[Site "Chess.com"]
[Date "2020.04.14"]
[Round "8"]
[White "ftorodent"]
[Black "PavelChernomordik"]
[Result "1-0"]
[WhiteElo "2644"]
[BlackElo "2425"]
[TimeControl "180+1"]
[EndTime "11:29:34 PDT"]
[Termination "ftorodent won by resignation"]

1. d4 g6 2. c4 Bg7 3. e4 Nc6 4. Be3 e5 5. dxe5 Bxe5 6. Qd2 d6 7.
Nc3 Bg7 8. f3 Be6 9. Nd5 Nce7 10.
Ne2 c6 11. Nxe7 Nxe7 12. Nf4 O-O 13. Be2 Qc7 14. O-O Rad8 15. Rac1 Bc8 16. Rfd1 b6 17. b3 f5 18. Bd3 Kh8 19. Re1 fxe4 20. Bxe4 Nf5 21. Bf2 Rde8 22. Rcd1 Qf7 23. Ne2 Be5 24.
Nd4 Nxd4 25. Bxd4 Bb7 26. Bxe5+ dxe5 27. Qg5 Kg7 28. Rd6 Re6 29. Red1 Rxd6 30. Rxd6 Re8 31.
Qd2 Re7 32. Bxc6 Bxc6 33. Rxc6 e4 34. Qd4+ Kh6 35. Rf6 Qe8 36. Rf4 Re5 37. Rh4+ Rh5 38. Rxe4 Qf7 39. Qe3+ 1-0

[Event "*** Titled Tuesday Blitz"]
[Site "Chess.com"]
[Date "2020.04.14"]
[Round "8"]
[White "vovachesss"]
[Black "Kingsman132"]
[Result "0-1"]
[WhiteElo "2585"]
[BlackElo "2453"]
[TimeControl "180+1"]
[EndTime "11:29:35 PDT"]
[Termination "Kingsman132 won by resignation"]

1. e4 e5 2. Nf3 Nc6 3. Nc3 Nf6 4. d4 exd4 5. Nxd4 Bb4 6. Nxc6 bxc6 7. Bd3 d5 8. exd5 cxd5 9. O-O c6 10. h3 O-O 11.
Qf3 Bd6 12. Bf4 Qc7 13. Ne2 Re8 14. Rfe1 Bd7 15. Bxd6 Qxd6 16. Rad1 Rab8 17. b3 Qa3 18. Qf4 a5 19. Qd4 c5 20. Qh4 Qb4 21. Qg3 a4 22. c3 Qb7 23. Bc2 a3 24. Nf4 Bc6 25. Nd3 Ne4 26. Qf4 Nxc3 27. Ra1 Ne2+ 28. Rxe2 Rxe2 29. Nxc5 Qb6 30. Bd3 Ree8 31. Rc1 Bb5 32. Bf5 Qf6 33. Qg4 g6 34. Bd3 Bxd3 35. Nxd3 h5 36. Qg3 Rec8 37.
Re1 h4 38. Qg4 Rc2 39. Qa4 Rxa2 40. Re3 Ra1+ 41. Kh2 a2 42. f4 Rh1+ 43. Kxh1 a1=Q+ 44. Qxa1 Qxa1+ 0-1